 Dungeon Crawl Stone Soup version 0.18.1-8-gdd0e5ea (webtiles) character file.

553 RudyRod the Sneak (level 7, -7/56 HPs)
             Began as a Naga Fire Elementalist on June 8, 2016.
             Shot with an arrow by a centaur (8 damage)
             ... on level 5 of the Dungeon.
             The game lasted 00:31:27 (4749 turns).

RudyRod the Sneak (Naga Fire Elementalist)          Turns: 4749, Time: 00:31:28

Health: -7/56      AC:  9    Str: 10    XL:     7   Next: 29%
Magic:  10/12      EV:  8    Int: 17    God:
Gold:   178        SH:  0    Dex: 12    Spells: 2 memorised, 10 levels left

rFire  + . .     SeeInvis +     e - +0 short sword
rCold  x . .     Gourm    .     a - +0 robe
rNeg   . . .     Faith    .     (no shield)
rPois  +         Spirit   .     (no helmet)
rElec  .         Dismiss  .     (no cloak)
rCorr  .         Reflect  .     h - +0 pair of gloves
SustAt +         Harm     .     l - +1 naga barding
MR     .....                    (no amulet)
Stlth  +++.......               k - ring of sustain attributes
                                r - ring of fire

@: very slow, not resistant to hostile enchantments, fairly stealthy
A: see invisible, deformed body, poison resistance, slowness 2, slow metabolism
1, spit poison 2, AC +2
a: Spit Poison


You were on level 5 of the Dungeon.
You were not hungry.

You visited 1 branch of the dungeon, and saw 5 of its levels.

You collected 178 gold pieces.

Inventory:

Hand Weapons
 e - a +0 short sword (weapon)
Armour
 a - a +0 robe (worn)
 c - a +2 leather armour of poison resistance
 h - a +0 pair of gloves (worn)
 l - a +1 naga barding (worn)
Jewellery
 k - a ring of sustain attributes (right hand)
 r - a ring of fire (left hand)
 w - an uncursed ring of flight
Scrolls
 i - a scroll of amnesia
Potions
 d - a potion of degeneration {unknown}
 j - a potion of cancellation {unknown}
 m - a potion of heal wounds {unknown}
 o - 3 potions of brilliance {unknown}
 s - 2 potions of agility
 t - a potion of curing {unknown}
 x - a potion of ambrosia {unknown}
Books
 b - a book of Flames

   Spells                             Type                      Level
   a - Flame Tongue                   Conjuration/Fire             1
   b - Throw Flame                    Conjuration/Fire             2
   c - Conjure Flame                  Conjuration/Fire             3
   d - Inner Flame                    Hexes/Fire                   3
   e - Sticky Flame                   Conjuration/Fire             4
   f - Fireball                       Conjuration/Fire             5
Comestibles
 f - 3 bread rations
 g - 4 meat rations
 n - a slice of pizza
 q - a beef jerky


   Skills:
 + Level 0.8 Fighting
 + Level 1.1 Short Blades
 + Level 0.7 Armour
 + Level 2.5 Dodging
 + Level 5.8 Stealth
 + Level 3.6 Spellcasting
 + Level 2.6 Conjurations
 * Level 4.9 Fire Magic


You had 10 spell levels left.
You knew the following spells:

 Your Spells              Type           Power        Failure   Level  Hunger
a - Flame Tongue          Conj/Fire      ###..        3%          1    None
b - Throw Flame           Conj/Fire      ###...       6%          2    ##.....


Dungeon Overview and Level Annotations

Branches:
Dungeon (5/15)
 Temple: D:4-7

Altars:
Ashenzari
Cheibriados
Gozag
Nemelex Xobeh
Okawaru
Xom
Zin


Innate Abilities, Weirdness & Mutations

You cannot wear boots.
Your serpentine skin is tough (AC +2).
You have supernaturally acute eyesight.
Armour fits poorly on your strangely shaped body.
Your system is resistant to poisons.
You cover ground very slowly.
You have a slow metabolism.
You can spit poison.


Message History

Casting: Flame Tongue
Confirm with . or Enter, or press ? or * to list all spells.
Aiming: Flame Tongue
Press: ? - help, Shift-Dir - straight line, f - centaur
Aim: a centaur, wielding a shortbow You feel a surge of power!
The flame tongue hits the centaur.
The centaur is heavily wounded.
The centaur shoots an arrow.
The arrow hits you!
* * * LOW HITPOINT WARNING * * *
Casting: Flame Tongue
Confirm with . or Enter, or press ? or * to list all spells.
Aiming: Flame Tongue
Press: ? - help, Shift-Dir - straight line, f/p - centaur
Aim: a centaur, wielding a shortbow (heavily wounded)
You feel a surge of power!
The flame tongue hits the centaur.
The centaur is severely wounded.
The centaur shoots an arrow.
The arrow hits you.
* * * LOW HITPOINT WARNING * * *
The centaur shoots an arrow.
The arrow hits you!
You die...

# .(......# #.
+..._...+ #..
#.......# #
..#####.......## ..#
................#....
<..#..# #c+##.⌠...#
#.##..####..(c###.#
#.##.....#...#(.(.#
#.##.....#...#@.###
#.##.#...####...#
##.##.###........#
##.....# ########.#
....#### .# <#.## .#
.#.# .# .#.# .# .#.#


You could see a centaur.

Vanquished Creatures
  A scorpion (D:4)
  2 jellies (D:3)
  2 hounds (D:2)
  A gnoll shaman (D:3)
  A centaur skeleton (D:4)
  An iguana (D:4)
  Natasha (D:2)
  A worker ant (D:4)
  7 adders
  8 gnolls
  An ooze (D:4)
  3 dart slugs
  2 worms (D:2)
  6 giant geckos
  8 orcs
  9 giant cockroaches
  10 goblins
  8 hobgoblins
  2 jackals (D:4)
  3 quokkas
  A sheep (D:3)
  A ball python (D:4)
  6 bats
  2 giant newts
  8 kobolds
  10 rats
105 creatures vanquished.

Notes
Turn   | Place    | Note
--------------------------------------------------------------
     0 | D:1      | RudyRod the Naga Fire Elementalist began the quest for the Orb.
     0 | D:1      | Reached XP level 1. HP: 15/15 MP: 3/3
   405 | D:1      | Reached XP level 2. HP: 20/22 MP: 0/5
   896 | D:2      | Found a faded altar to an unknown god.
   899 | D:2      | Reached XP level 3. HP: 28/28 MP: 2/6
   917 | D:2      | Reached skill level 4 in Stealth
  1131 | D:2      | Learned a level 2 spell: Throw Flame
  1452 | D:2      | Noticed Natasha
  1799 | D:2      | Reached XP level 4. HP: 31/36 MP: 1/7
  1897 | D:2      | Reached skill level 5 in Stealth
  2018 | D:2      | Reached XP level 5. HP: 35/42 MP: 0/8
  2181 | D:2      | Killed Natasha
  2509 | D:3      | Reached skill level 1 in Short Blades
  2612 | D:3      | Found a snail-covered altar of Cheibriados.
  2660 | D:3      | Reached XP level 6. HP: 46/49 MP: 6/10
  3041 | D:3      | Found a shimmering altar of Xom.
  3165 | D:3      | Found a sparkling altar of Nemelex Xobeh.
  3429 | D:3      | Found an iron altar of Okawaru.
  3950 | D:4      | Reached XP level 7. HP: 56/56 MP: 5/12
  4494 | D:4      | Found an opulent altar of Gozag.
  4494 | D:4      | Found a glowing silver altar of Zin.
  4714 | D:5      | Entered Level 5 of the Dungeon
  4740 | D:5      | Found a shattered altar of Ashenzari.
  4749 | D:5      | HP: 1/56 [centaur/arrow (5)]
  4749 | D:5      | Shot with an arrow by a centaur

Skill      XL: |  1  2  3  4  5  6 |
---------------+-------------------+-----
Stealth        | 4 5 |  5.8
Dodging        | 2 |  2.5
Short Blades   | 1 |  1.1
Conjurations   | 2 |  2.6
Fire Magic     | 4 |  4.9
Spellcasting   | 3 |  3.6
Fighting       | |  0.8
Armour         | |  0.7

Action                   |  1- 3 |  4- 6 |  7- 9 || total
-------------------------+-------+-------+-------++-------
Melee: Short sword       |    21 |    29 |     3 ||    53
       Unarmed           |     1 |       |       ||     1
 Cast: Flame Tongue      |    42 |    86 |    26 ||   154
       Throw Flame       |     4 |    20 |     4 ||    28
 Abil: Spit Poison       |     6 |     7 |       ||    13
  Use: Scroll            |       |     7 |     1 ||     8
 Stab: Sleeping          |     6 |     2 |       ||     8
  Eat: Chunk             |     3 |     2 |       ||     5
       Bread ration      |       |     2 |       ||     2
Armor: Robe              |    21 |    27 |     6 ||    54
Dodge: Dodged            |    20 |    32 |     6 ||    58
